 Dungeon Crawl Stone Soup version 0.29.1-15-g9cfb28693d (webtiles) character file.

Game seed: 7073168001768656187

203 Horez the Ducker (level 5, 0/53 HPs)
             Began as a Troll Berserker on Apr 25, 2023.
             Was a Believer of Trog.
             Slain by a scorpion (1 damage)
             ... on level 4 of the Dungeon.
             The game lasted 00:10:02 (1157 turns).

Horez the Ducker (Troll Berserker)                  Turns: 1157, Time: 00:10:03

Health: 0/53       AC:  4    Str: 27    XL:     5   Next: 51%
Magic:  4/4        EV: 10    Int:  3    God:    Trog [**....]
Gold:   111        SH:  0    Dex:  9    Spells: 4/4 levels left

rFire   . . .      SeeInvis .   g - +0 battleaxe
rCold   . . .      Faith    .   (shield currently unavailable)
rNeg    . . .      Spirit   .   b - +0 animal skin
rPois   .          Reflect  .   (helmet restricted)
rElec   .          Harm     .   (no cloak)
rCorr   +          Rampage  .   (gloves unavailable)
Will    .....                   (boots unavailable)
Stlth   +.........              (no amulet)
HPRegen 0.97/turn               k - ring of resist corrosion
MPRegen 0.09/turn               (no ring)

@: lethally poisoned (0 -> -4)
A: large, unfitting armour, claws 3, regeneration 1, shaggy fur 1, tough skin 1
a: Renounce Religion, Berserk, Trog's Hand


You were on level 4 of the Dungeon.
You worshipped Trog.
Trog was pleased with you.
You visited 1 branch of the dungeon, and saw 4 of its levels.

You collected 111 gold pieces.

Inventory:

Hand Weapons
 a - a +0 mace
 d - a +0 hand axe
 g - a +0 battleaxe (weapon)
Armour
 b - a +0 animal skin (worn)
Jewellery
 k - a ring of resist corrosion (left claw)
Wands
 i - a wand of digging (6)
Scrolls
 e - 4 scrolls of fear {unknown}
 f - a scroll of identify
 h - a scroll of vulnerability {unknown}
 j - a scroll of blinking {unknown}
 m - a scroll of noise {unknown}
Potions
 l - a potion of heal wounds {unknown}
 n - a potion of ambrosia {unknown}


   Skills:
 + Level 3.3 Fighting
 + Level 2.2(3.0) Axes
 + Level 3.2(3.6) Maces & Flails
 + Level 3.4 Dodging
 + Level 0.2 Stealth


You had 4 spell levels left.
You didn't know any spells.
Your spell library was empty.

Dungeon Overview and Level Annotations

Branches:
Dungeon (4/15)
 Temple: D:4-7

Altars:

Shops:
D:3 ?


Innate Abilities, Weirdness & Mutations

You are too large for most types of armour.
You have claws for hands.
Your natural rate of healing is unusually fast.
You are covered in fur. (AC +1)
You have tough skin. (AC +1)


Message History

The scorpion stings you.
* * * LOW HITPOINT WARNING * * *
You feel better. The scorpion stings you.
* * * LOW HITPOINT WARNING * * *
You barely miss the scorpion.
The scorpion is heavily wounded.
The scorpion stings you.
* * * LOW HITPOINT WARNING * * *
The scorpion stings you.
* * * LOW HITPOINT WARNING * * *
You are lethally poisoned!
The scorpion poisons you!
* * * LOW HITPOINT WARNING * * *
You feel very sick.
You feel better.
The scorpion stings you but does no damage.
The scorpion barely misses you.
You hit the scorpion but do no damage.
The scorpion is heavily wounded.
The scorpion barely misses you.
You hit the scorpion but do no damage.
The scorpion is heavily wounded.
The scorpion barely misses you. The scorpion stings you.
* * * LOW HITPOINT WARNING * * *
You are poisoned.
The scorpion poisons you!
Unknown command.
You barely miss the scorpion.
The scorpion is heavily wounded.
You feel very sick. The scorpion stings you.
* * * LOW HITPOINT WARNING * * *
You are lethally poisoned!
The scorpion poisons you! The scorpion closely misses you.
You closely miss the scorpion.
The scorpion is heavily wounded.
* * * LOW HITPOINT WARNING * * *
You feel very sick. The scorpion stings you.
You die...

....#..†.............####..###
.#...............#...†........
...........#..................
......#.............<.........
.#..####.....#................
......#..#....................
.##......#.##.................
.......###.###.#..............
.....)..##. #...@s............
....[...# #...###.......[....
.....†..##...... #..#.....
................ ##.#.....
............. .......
.............. .#.....
..###......... .#.....
#............. ## ##
##............


You could see a scorpion.

Vanquished Creatures
  A necrophage (D:4)
  Jessica (D:2)
  An iguana (D:4)
  5 adders
  A worm (D:4)
  A dart slug (D:4)
  3 orcs (D:3)
  2 endoplasms (D:3)
  2 giant cockroaches
  6 goblins
  3 hobgoblins
  5 kobolds
  2 ball pythons
  2 bats
  2 frilled lizards
  3 rats
40 creatures vanquished.

Notes
Turn   | Place    | Note
-------+----------+-------------------------------------------
     0 | D:1      | Horez the Troll Berserker began the quest for the Orb.
     0 | D:1      | Reached XP level 1. HP: 22/22 MP: 0/0
   150 | D:2      | Reached XP level 2. HP: 22/29 MP: 1/1
   179 | D:2      | Reached XP level 3. HP: 14/36 MP: 2/2
   300 | D:2      | Noticed Jessica
   311 | D:2      | Killed Jessica
   678 | D:3      | Found Riuriod's Magic Scroll Shop.
   690 | D:3      | Found a faded altar of an unknown god.
   718 | D:3      | Reached XP level 4. HP: 33/45 MP: 3/3
   719 | D:3      | Reached skill level 1 in Axes
   724 | D:3      | Reached ** piety under Trog
   913 | D:4      | Noticed a necrophage
   926 | D:4      | Killed a necrophage
   927 | D:4      | Reached XP level 5. HP: 19/53 MP: 4/4
  1157 | D:4      | HP: 1/53 [poisoned by a scorpion]
  1157 | D:4      | Slain by a scorpion

Illustrated notes

Levels and vault maps discovered:
D:1:      ldierk_walled_garden, layout_loops_ring
D:2:      layout_loops_ring, minmay_misc_feat_rows, minmay_tromino_v4_c,
          uniq_jessica
D:3:      layout_basic, basic_ecumenical_altar, serial_shops, shop
D:4:      layout_rooms, okawaru_altar_gauntlet_db, minmay_circle_x

Skill      XL: |  1  2  3  4  5 |
---------------+----------------+-----
Maces & Flails | 3 |  3.2
Fighting       | 3 |  3.3
Dodging        | 3 |  3.4
Axes           | 1 2 |  2.2
Stealth        | |  0.2

Action                   |  1- 3 |  4- 6 || total
-------------------------+-------+-------++-------
Melee: Battleaxe         |    80 |    92 ||   172
       Mace              |     7 |       ||     7
  Use: Potion            |       |     4 ||     4
       Scroll            |       |     1 ||     1
 Stab: Sleeping          |       |     1 ||     1
Armor: Animal skin       |    56 |    46 ||   102
Dodge: Dodged            |    81 |    64 ||   145
